 Dungeon Crawl Stone Soup version 0.20.1-1-g8b1a95d66d (webtiles) character file.

112 Jynx the Purveyor of Pain (level 4, 0/30 HPs)
             Began as a Vampire Necromancer on Dec 20, 2017.
             Was an Initiate of Kikubaaqudgha.
             Slain by Grinder (3 damage)
             ... while paralysed by Grinder
             ... on level 3 of the Dungeon.
             The game lasted 00:03:48 (2052 turns).

Jynx the Purveyor of Pain (Vampire Necromancer)     Turns: 2052, Time: 00:03:49

Health: 0/30       AC:  3    Str:  7    XL:     4   Next: 63%
Magic:  8/8        EV:  2    Int: 18    God:    Kikubaaqudgha [......]
Gold:   85         SH:  0    Dex: 14    Spells: 7/8 levels left

rFire    . . .     SeeInvis +   f - +2 short sword (distort)
rCold    . . .     Gourm    .   (no shield)
rNeg     + . .     Faith    .   a - +0 robe
rPois    .         Spirit   .   (no helmet)
rElec    .         Reflect  .   (no cloak)
rCorr    +         Harm     .   j - +0 pair of gloves
MR       .....                  (no boots)
Stlth    ++........             (no amulet)
Regen    0.1/turn               k - ring of resist corrosion
MPRegen  0.2/turn               (no ring)

@: paralysed
A: fangs 3, see invisible, unbreathing
a: Bat Form, Renounce Religion


You were on level 3 of the Dungeon.
You worshipped Kikubaaqudgha.
Kikubaaqudgha was noncommittal.
You were not thirsty.

You visited 1 branch of the dungeon, and saw 3 of its levels.

You collected 85 gold pieces.

Inventory:

Hand Weapons
 f - a +2 short sword of distortion (weapon)
Armour
 a - a +0 robe (worn)
 j - a +0 pair of gloves (worn)
Jewellery
 g - an uncursed amulet of harm
 k - a ring of resist corrosion (left hand)
Wands
 l - a wand of lightning (6/15)
Scrolls
 e - 4 scrolls of remove curse {unknown}
 h - a scroll of noise {unknown}
Potions
 c - 4 potions of blood
 d - a potion of curing {unknown}
 i - a potion of cancellation {unknown}
Books
 b - a book of Necromancy

   Spells                             Type                      Level
   a - Pain                           Necromancy                   1
   b - Animate Skeleton               Necromancy                   1
   c - Vampiric Draining              Necromancy                   3
   d - Regeneration                   Charms/Necromancy            3
   e - Animate Dead                   Necromancy                   4
   f - Control Undead                 Necromancy                   4


   Skills:
 + Level 1.8 Short Blades
 - Level 2.1 Dodging
 - Level 3.0 Stealth
 + Level 2.9 Spellcasting
 * Level 5.7 Necromancy


You had 7 spell levels left.
You knew the following spells:

 Your Spells              Type           Power        Failure   Level  Hunger
a - Pain                  Necr           ###.         1%          1    None


Dungeon Overview and Level Annotations

Branches:
Dungeon (3/15)

Altars:
Kikubaaqudgha

Annotations:
D:3 Grinder


Innate Abilities, Weirdness & Mutations

You have razor-sharp teeth.
You have supernaturally acute eyesight. (SInv)
You can survive without breathing.


Message History

You feel sick.
You are no longer poisoned.
Grinder shouts!
Grinder blinks!
Grinder gestures at you. Pain shoots through your body!
Grinder gestures at you.
You suddenly lose the ability to move!
Grinder hits you but does no damage. Grinder hits you!
You writhe in agony.
Grinder hits you.
* * * LOW HITPOINT WARNING * * *
You writhe in agony.
* * * LOW HITPOINT WARNING * * *
Grinder barely misses you. Grinder hits you.
* * * LOW HITPOINT WARNING * * *
You writhe in agony.
You die...
Kikubaaqudgha rasps: "You have failed me!
Welcome... oblivion!"

#............#
........#
##.#########.##
........#
#.########...#
.........
#.##.......#.#
.........
##.##.#####.#.#
.......##
............#.#
##..........#..
#..........##. #
#.........@##..#.#
#..........5......
#..........###....
#..........# ..
...........#
#..........#
...........
#.#####... #...


You could see Grinder.

Vanquished Creatures
  Ijyb (D:3)
  A gnoll (D:1)
  2 adders (D:3)
  2 dart slugs
  3 leopard geckos
  An orc (D:3)
  7 bats
  2 giant cockroaches (D:2)
  5 goblins
  8 hobgoblins
  4 jackals (D:3)
  5 kobolds
  3 frilled lizards
  5 rats
49 creatures vanquished.

Notes
Turn   | Place    | Note
-------+----------+-------------------------------------------
     0 | D:1      | Jynx the Vampire Necromancer began the quest for the Orb.
     0 | D:1      | Reached XP level 1. HP: 13/13 MP: 3/3
   282 | D:1      | Reached XP level 2. HP: 17/19 MP: 1/5
   353 | D:1      | Reached skill level 5 in Necromancy
   944 | D:1      | Reached XP level 3. HP: 24/24 MP: 4/6
  1322 | D:2      | Found an ancient bone altar of Kikubaaqudgha.
  1360 | D:2      | Became a worshipper of Kikubaaqudgha
  1725 | D:3      | Reached skill level 1 in Short Blades
  1783 | D:3      | Noticed Grinder
  1786 | D:3      | Paralysed by Grinder for 3 turns
  1792 | D:3      | Paralysed by Grinder for 6 turns
  1823 | D:3      | Noticed Ijyb
  1831 | D:3      | Killed Ijyb
  1831 | D:3      | Reached XP level 4. HP: 26/30 MP: 8/8
  2047 | D:3      | Paralysed by Grinder for 6 turns
  2052 | D:3      | Slain by Grinder

Skill      XL: |  1  2  3 |
---------------+----------+-----
Necromancy     | 5 |  5.7
Short Blades   | 1 |  1.8
Dodging        | |  2.1
Stealth        | |  3.0
Spellcasting   | |  2.9

Action                   |  1- 3 |  4- 6 || total
-------------------------+-------+-------++-------
Melee: Short sword       |    61 |    19 ||    80
       Bite              |     5 |     4 ||     9
 Cast: Pain              |    26 |       ||    26
  Use: Scroll            |     2 |       ||     2
       Potion            |     1 |       ||     1
 Stab: Sleeping          |    10 |       ||    10
  Eat: Corpse            |     4 |     1 ||     5
Armor: Robe              |    11 |     8 ||    19
Dodge: Dodged            |    37 |    16 ||    53
